Unix NetHack Version 5.0.0-0 post-release - last build May  4 2026 22:22:43 (774f63e81ad911689b3a0859ea89b322d5daca8d,branch:main).

Game began 2026-05-08 19:12:52, ended 2026-05-08 19:24:19.

Conradmonkey, neutral male gnomish Wizard

                                   #--------------           -------
                                   #|.......(<.{.|          #.......#
                                   #..............#         #|.....|#
                        `###########--.-----------#         #|.....|#
                                 ###  #           #         #-------#
                                      #           #         ####    #
       .                              #           #            #   ##
       @####                         ##           #            #   #
           ###                   #####            #            #   #
             ##                  #                #            #   #
              ###              ###               ##            #  ##
       ---------.------        #                 #             #  #-----
       |..............|      ###                ##             #  #|...|
       |...............###  -.---------         #              #  #|...|
       |..............|  ## |.........|         #              #  #...>|
       |............(.|   ##|.........|         #--------------#   |...|
       ----------------    #|...o.....|         #-............|#   |...|
                           #..........|          |........{...-#   -----
                            -----------          --------------

Conradmonkey the Evoker   St:10 Dx:14 Co:12 In:19 Wi:10 Ch:10  Neutral
Dlvl:1  $:187 HP:0(11) Pw:8(8) AC:10 Xp:1 T:505  Blind

Latest messages:
 What do you want to put on? [de or ?*] e
 e - an uncursed ring of slow digestion (on left hand).
 What do you want to read? [ijklm or ?*] k
 As you pronounce the formula on it, the scroll disappears.
 It bites!
 You hear some noises.
 You miss it.
 It bites!
 You miss it.
 It bites!
 You kill it!
 There is nothing here to pick up.
 You try to feel what is lying here on the floor.
 You feel here 6 gold pieces.
 $ - 6 gold pieces (187 in total).
 Wait!  There's something there you can't see!
 You attack thin air.
 You hear some noises.
 You hear some noises in the distance.
 You hear the splashing of a naiad.
 You try to feel what is lying here on the floor.
 You feel here an empty broken chest.
 Wait!  There's something there you can't see!
 It bites!
 You kill it!
 You try to feel what is lying here on the floor.
 There is a jackal corpse here; eat it? [ynq] (n) y
 This jackal corpse tastes terrible!
 You finish eating the jackal corpse.
 You feel an unseen monster!
 You attack thin air.
 Wait!  There's something there you can't see!
 You attack thin air.
 You feel an unseen monster!
 You feel an unseen monster!
 You attack thin air.
 Wait!  There's something there you can't see!
 You attack thin air.
 You feel an unseen monster!
 Wait!  There's something there you can't see!
 You attack thin air.
 You feel an unseen monster!
 You shudder for a moment.
 You die...
 Do you want your possessions identified? [ynq] (y) y
 Do you want to see your attributes? [ynq] (y) y
 Do you want an account of creatures vanquished? [ynaq] (y) y
 Do you want a list of species genocided? [ynq] (y) y
 Do you want to see your conduct? [ynq] (y) y
 Do you want to see the dungeon overview? [ynq] (y) y

Inventory:
 Coins    ('$')
  $ - 187 gold pieces
 Weapons  (')')
  a - a blessed +1 quarterstaff (weapon in hands)
 Armor    ('[')
  b - an uncursed +0 cloak of magic resistance
 Comestibles  ('%')
  q - an uncursed food ration
 Scrolls  ('?')
  j - an uncursed scroll of food detection
  i - an uncursed scroll of scare monster
 Spellbooks  ('+')
  m - an uncursed spellbook of cure blindness
  l - a blessed spellbook of force bolt
 Potions  ('!')
  f - an uncursed potion of fruit juice
  g - an uncursed potion of levitation
  h - an uncursed potion of sickness
 Rings    ('=')
  t - a cursed ring of polymorph (on right hand)
  d - an uncursed ring of searching
  e - an uncursed ring of slow digestion (on left hand)
 Wands    ('/')
  p - a wand of cancellation (0:5)
  c - a wand of locking (0:8)
  r - a wand of slow monster (0:4)
 Tools    ('(')
  n - a magic marker (0:19)

Conradmonkey the Wizard's attributes:

Background:
 You were an Evoker, a level 1 male gnomish Wizard.
 You were neutral, on a mission for Thoth
 who was opposed by Ptah (lawful) and Anhur (chaotic).
 You were right-handed.
 You were in the Dungeons of Doom, on level 1.
 You entered the dungeon 505 turns ago.
 You had 3 experience points, 17 more were needed to attain level 2.

Basics:
 You had 0 out of 11 hit points.
 You had all 8 energy points (spell power).
 Your armor class was 10.
 Your wallet contained 187 zorkmids.
 Autopickup was off.

Final Characteristics:
 Your strength was 10 (limit:18/50).
 Your dexterity was 14 (limit:18).
 Your constitution was 12 (limit:18).
 Your intelligence was 19 (limit:19).
 Your wisdom was 10 (limit:18).
 Your charisma was 10 (limit:18).

Final Status:
 You were temporarily blind.
 You weren't hungry.
 You were unencumbered.
 You were wielding a quarterstaff.
 You had basic skill with quarterstaff.
 You weren't wearing any armor.

Final Attributes:
 You were nominally aligned.
 You had infravision.
 You had slower digestion.
 You were polymorphing periodically.
 You are dead.

Miscellaneous:
 You didn't encounter any bones levels.
 Total elapsed playing time was 11 minutes and 25 seconds.

Major events:
 Turn
    1: Conradmonkey the neutral male gnomish Wizard entered the dungeon
    3: performed his first genocide (mind flayers)
  505: killed by a system shock

Spells:
 Name                 Level Category     Fail Retention
 force bolt             1   attack         0%  91%-100%
 cure blindness         2   healing       46%  76%-100%

Skills:
 Fighting Skills
   bare handed combat [Unskilled]
   riding             [Unskilled]
 Weapon Skills
   dagger             [Unskilled]
   knife              [Unskilled]
   axe                [Unskilled]
   short sword        [Unskilled]
   club               [Unskilled]
   mace               [Unskilled]
   quarterstaff       [Basic]
   polearms           [Unskilled]
   spear              [Unskilled]
   trident            [Unskilled]
   sling              [Unskilled]
   dart               [Unskilled]
   shuriken           [Unskilled]
 Spellcasting Skills
   attack spells      [Basic]
   healing spells     [Unskilled]
   divination spells  [Unskilled]
   enchantment spells [Basic]
   clerical spells    [Unskilled]
   escape spells      [Unskilled]
   matter spells      [Unskilled]

Voluntary challenges:
 Character rerolling was not enabled.
 You were an atheist.
 You genocided 1 type of monster.
 You never polymorphed an object.
 You never changed form.
 You used no wishes.

 The Dungeons of Doom:
    Level 1: <- You were here.
       Some fountains.
       Final resting place for
          you, killed by a system shock.


Vanquished creatures:
  2 jackals
  2 sewer rats
  2 newts
6 creatures vanquished.

Genocided species:
 mind flayers
1 species genocided.

Game over:
                       ----------
                      /          \
                     /    REST    \
                    /      IN      \
                   /     PEACE      \
                  /                  \
                  |   Conradmonkey   |
                  |      187 Au      |
                  |   killed by a    |
                  |   system shock   |
                  |                  |
                  |                  |
                  |       2026       |
                 *|     *  *  *      | *
        _________)/\\_//(\/(/\)/\//\/|_)_______

Goodbye Conradmonkey the Wizard...

You died in The Dungeons of Doom on dungeon level 1 with 191 points,
and 187 pieces of gold, after 505 moves.
You were level 1 with a maximum of 11 hit points when you died.

